 Dungeon Crawl Stone Soup version 0.25.1-2-g60ff931df9 (webtiles) character file.

Game seed: 14272931162430977616

261155 gruber the Gelid (level 19, -23/164 HPs)
             Began as a Purple Draconian Ice Elementalist on Nov 22, 2020.
             Was the Champion of Vehumet.
             Shot with an arrow by a deep elf master archer (36 damage)
             ... on level 2 of the Depths.
             The game lasted 02:10:42 (54730 turns).

gruber the Gelid (DrIE)                            Turns: 54730, Time: 02:10:43

Health: -23/164    AC: 15    Str: 12    XL:     19   Next: 57%
Magic:  4/52       EV: 15    Int: 25    God:    Vehumet [******]
Gold:   1148       SH:  6    Dex: 13    Spells: 9/58 levels left

rFire    + . .     SeeInvis .   y - +7 long sword "Zotz" {elec, +Blink +Rage rN+ Int+4}
rCold    . . .     Gourm    .   V - +0 buckler
rNeg     + . .     Faith    .   (armour unavailable)
rPois    .         Spirit   .   O - +1 hat
rElec    .         Reflect  .   f - +0 cloak
rCorr    .         Harm     .   A - +1 pair of gloves
MR       ++...                  c - +0 pair of boots
Stlth    ++........             m - amulet of Vitality {Regen+ HP+15}
HPRegen  0.77/turn              r - ring of protection from fire
MPRegen  0.33/turn              o - ring of magical power

@: about to teleport
A: breathe power, unfitting armour, cold-blooded, AC +10
}: 1/15 runes: decaying
a: Breathe Dispelling Energy, Renounce Religion, Evoke Blink, Evoke Berserk Rage


You were on level 2 of the Depths.
You worshipped Vehumet.
Vehumet was exalted by your worship.
You were hungry.

You visited 8 branches of the dungeon, and saw 35 of its levels.
You visited 2 bazaars.
You also visited: Ice Cave.

You collected 3061 gold pieces.
You spent 1913 gold pieces at shops.

Inventory:

Hand Weapons
 y - the +7 long sword "Zotz" (weapon) {elec, +Blink +Rage rN+ Int+4}
   (You bought it in a shop in a bazaar)

   Occasionally, upon striking a foe, it will discharge some electrical energy
   and cause terrible harm.
   It affects your intelligence (+4).
   It protects you from negative energy.
   It lets you blink.
   It lets you go berserk.
 S - the +2 morningstar of Mandamus {drain, rF+ rC+}
   (You found it on level 12 of the Dungeon)

   A truly terrible weapon, it drains the life of those it strikes.
   It protects you from fire.
   It protects you from cold.
Missiles
 E - 4 curare-tipped darts (quivered)
Armour
 c - a +0 pair of boots (worn)
 f - a +0 cloak (worn)
 A - a +1 pair of gloves (worn)
 O - a +1 hat (worn)
 V - a +0 buckler (worn)
Jewellery
 a - an uncursed ring of resist corrosion
 m - the amulet of Vitality (around neck) {Regen+ HP+15}
   (You took it off a centaur on level 12 of the Dungeon)

   [amulet of regeneration]

   It affects your health (+15).
   It increases your rate of regeneration.
 o - a ring of magical power (right hand)
 r - a ring of protection from fire (left hand)
 R - the macabre finger necklace {rN+}
   (You found it on level 12 of the Dungeon)

   [amulet of nothing]

   It protects you from negative energy.
 Y - an uncursed ring of poison resistance
Wands
 u - a wand of polymorph (29)
 D - a wand of acid (14)
 G - a wand of flame (57)
 H - a wand of digging (9)
 J - a wand of disintegration (26)
 Q - a wand of paralysis (7)
 W - a wand of enslavement (9)
 X - a wand of iceblast (41)
 Z - a wand of random effects (21)
Scrolls
 d - a scroll of fear
 g - 2 scrolls of blinking
 i - 19 scrolls of remove curse
 l - 6 scrolls of fog
 n - 6 scrolls of teleportation
 t - 2 scrolls of silence
 w - 2 scrolls of summoning
 z - 2 scrolls of magic mapping
 F - a scroll of amnesia
 K - 2 scrolls of vulnerability
 L - 3 scrolls of immolation
 T - a scroll of enchant weapon
 U - 2 scrolls of identify
Potions
 e - 3 potions of magic
 h - a potion of ambrosia
 j - 5 potions of heal wounds
 k - 5 potions of stabbing
 p - 2 potions of berserk rage
 q - 6 potions of lignification
 s - 3 potions of resistance
 v - 2 potions of invisibility
 x - 7 potions of brilliance
 B - 4 potions of cancellation
 C - 2 potions of mutation
 I - 17 potions of curing
 M - 2 potions of flight
 N - 2 potions of haste
 P - 4 potions of might
Comestibles
 b - 40 rations


   Skills:
 - Level 8.3 Fighting
 - Level 6.1 Dodging
 - Level 1.7 Stealth
 - Level 7.1 Shields
 * Level 20.0 Spellcasting
 - Level 15.0 Conjurations
 - Level 2.2 Summonings
 - Level 8.0 Necromancy
   Level 3.1 Transmutations
   Level 3.2 Fire Magic
 - Level 20.0 Ice Magic
 - Level 6.0 Air Magic
 - Level 13.0 Earth Magic
 - Level 4.0 Poison Magic


You had 9 spell levels left.
You knew the following spells:

 Your Spells              Type           Power        Failure   Level  Hunger
a - Freezing Cloud        Conj/Ice/Air   #######...   1%          6    ##.....
b - Frozen Ramparts       Ice            ######       0%          3    None
c - Hailstorm             Conj/Ice       #######.     0%          4    None
d - Summon Ice Beast      Ice/Summ       ######..     1%          4    None
e - Mephitic Cloud        Conj/Pois/Air  ######..     1%          3    None
f - Borgnjor's Vile Clut  Necr/Erth      ######....   1%          5    None
g - Airstrike             Air            ######....   1%          4    None
h - Spellforged Servitor  Conj/Summ      ######....   12%         7    ####...
i - Stone Arrow           Conj/Erth      ######       0%          3    None
j - Lehudib's Crystal Sp  Conj/Erth      #######...   11%         8    ######.
k - Blink                 Tloc           N/A          2%          2    None

Your spell library contained the following spells:

 Spells                   Type           Power        Failure   Level  Hunger
 Absolute Zero            Ice            #######...   13%         9    #######
 Fire Storm               Conj/Fire      ######....   100%        9    #######
 Tornado                  Air            ######....   100%        9    #######
 Freeze                   Ice            ####         0%          1    None
 Magic Dart               Conj           ####         0%          1    None
 Sandblast                Erth           ######       0%          1    None
 Shock                    Conj/Air       ####         0%          1    None
 Animate Skeleton         Necr           N/A          1%          1    None
 Apportation              Tloc           ####..       1%          1    None
 Beastly Appendage        Tmut           #####.       1%          1    None
 Corona                   Hex            ####...      1%          1    None
 Sting                    Tmut/Pois      ####         1%          1    None
 Summon Butterflies       Summ           #####...     1%          1    None
 Summon Small Mammal      Summ           ####         1%          1    None
 Call Imp                 Summ           #####...     1%          2    None
 Corpse Rot               Necr/Air       N/A          1%          2    None
 Ensorcelled Hibernation  Hex/Ice        ######       1%          2    None
 Passwall                 Tmut/Erth      ######..     1%          2    None
 Poisonous Vapours        Pois/Air       ######       1%          2    None
 Sticks to Snakes         Tmut           #####...     1%          2    None
 Swiftness                Chrm/Air       #####...     1%          2    None
 Conjure Flame            Conj/Fire      ######..     1%          3    None
 Dazzling Flash           Conj/Hex       ######       1%          3    None
 Ignite Poison            Fire/Tmut/Pois #####...     1%          3    None
 Ozocubu's Armour         Chrm/Ice       ######..     1%          3    None
 Spider Form              Tmut/Pois      #####.....   1%          3    None
 Static Discharge         Conj/Air       ######..     1%          3    None
 Ice Form                 Ice/Tmut       ######..     1%          4    None
 Leda's Liquefaction      Hex/Erth       ######....   1%          4    None
 Olgreb's Toxic Radiance  Pois           #####...     1%          4    None
 Bolt of Magma            Conj/Fire/Erth ######....   1%          5    None
 Lee's Rapid Deconstruct  Erth           ######....   1%          5    None
 Lightning Bolt           Conj/Air       ######....   1%          5    None
 Slow                     Hex            ####....     2%          2    None
 Confusing Touch          Hex            ####....     5%          3    None
 Lesser Beckoning         Tloc           ####......   5%          3    None
 Tukima's Dance           Hex            ####....     5%          3    None
 Statue Form              Tmut/Erth      ######...    10%         6    ##.....
 Alistair's Intoxication  Tmut/Pois      #####...     11%         5    None
 Blade Hands              Tmut           #####.....   14%         5    None
 Passage of Golubria      Tloc           N/A          17%         4    None
 Summon Forest            Summ/Tloc      ####......   30%         5    None
 Eringya's Noxious Bog    Tmut/Pois      #####.....   52%         6    ##.....
 Hydra Form               Tmut           #####.....   58%         6    ##.....
 Darkness                 Hex            ####......   95%         6    ##.....
 Invisibility             Hex            ####....     95%         6    ##.....
 Summon Hydra             Summ           #####.....   99%         7    ####...


Dungeon Overview and Level Annotations

Branches:
Dungeon (15/15)            Temple (1/1) D:5            Lair (5/6) D:11
  Swamp (4/4) Lair:4        Snake (2/4) Lair:4          Orc (2/2) D:10
    Elf (0/3) Orc:2        Vaults (4/5) D:13          Crypt (0/3) Vaults:2
 Depths (2/5) D:15          IceCv (visited)
  Slime: Lair:5-6

Altars:
Ashenzari
Cheibriados
Dithmenos
Elyvilon
Fedhas
Kikubaaqudgha
Makhleb
Nemelex Xobeh
Okawaru
Qazlal
Ru
Sif Muna
Trog
Uskayaw
Vehumet
Wu Jian
Xom
Yredelemnul
Zin
The Shining One

Shops:
D:4 :   D:8 (   D:13 !   D:14 *   Orc:1 [?   Orc:2 %!![   Vaults:1 =*
Depths:1 ?(((

Portals:
Hell: Depths:1
Abyss: Depths:1

Annotations:
D:15 Roxanne
Lair:3 2 runed translucent doors, Frank's ghost, journeyman DsGl
Orc:1 Gastronok; Urug
Orc:2 1 runed translucent door, ElPutoDani's ghost, journeyman CeWr
Vaults:1 3 runed translucent doors, Ugguttuj's ghost, veteran DrWn


Innate Abilities, Weirdness & Mutations

You can breathe bolts of dispelling energy.
Your rich purple scales are hard. (AC +10)
You cannot fit into any form of body armour.
You are cold-blooded and may be slowed by cold attacks.


Message History

The arrow hits you!!
* * * LOW HITPOINT WARNING * * *
The arrow burns you.
* * * LOW HITPOINT WARNING * * *
A catoblepas comes into view.
The deep elf master archer shoots an arrow.
The arrow hits you!!
* * * LOW HITPOINT WARNING * * *
The arrow burns you.
* * * LOW HITPOINT WARNING * * *
There is an open door, spattered with blood here.
You see here 2 arrows.
Unknown command.
Unknown command.
As you read the scroll of teleportation, it crumbles to dust.
You feel strangely unstable.
The catoblepas bellows!
The deep elf master archer shoots an arrow.
The arrow hits you!!!
You die...

...#####...##'## ###
.....÷.#.>.#.Y.#..e.
.....≈[#.≈.#.#.......
.....†.#...#(e.#.....
...#########...#####.
...#.(.# ..........#
...#.>.# #...#...#.#
...#...# ..........#
#'##...#####...#@#'#
...........#...#(..#
.#...#...⌠?#.#.#.#.#
...........# #...#
####...#########...####
#...#...(.....[.....'
#..)#.#)#.#..$#[..#.#
####...#...'.....%.....'
#.###'##...#####...#####


You could see a catoblepas and a deep elf master archer.

Vanquished Creatures
  Jorgrun (Orc:2)
  A titan (Depths:2)
  A storm dragon (Vaults:4)
  Kirke (Swamp:1)
  A thorn hunter (Swamp:4)
  2 frost giants
  3 fire giants
  A ghost moth (Depths:2)
  5 vault wardens
  Aizul (Swamp:1)
  A war gargoyle (Depths:2)
  An entropy weaver (Vaults:3)
  3 stone giants
  9 ironheart preservers
  9 very ugly things
  Azrael (D:13)
  A spark wasp (Depths:2)
  4 fire dragons
  2 ettins
  A merfolk impaler (Depths:1)
  4 yaktaur captains
  3 ice dragons
  A naga warrior (Snake:1)
  7 vault guards
  9 hydras
  Erolcha (Orc:1)
  4 great orbs of eyes
  Harold (D:9)
  5 rakshasas
  A catoblepas (Depths:2)
  Erica (D:8)
  A juggernaut simulacrum (Depths:2)
  A ghost crab (Swamp:1)
  2 shambling mangroves
  4 anacondas
  8 alligators
  3 centaur warriors
  A spriggan air mage (Depths:2)
  18 two-headed ogres
  3 dancing weapons
  5 ogre magi
  A deep troll shaman (Vaults:1)
  A tengu warrior (D:15)
  9 death yaks
  4 orc high priests (Orc:2)
  A spriggan berserker (Swamp:4)
  2 deep troll earth magi
  3 naga sharpshooters
  3 shock serpents
  4 deep elf knights
  3 shadow wraiths
  A fire crab (shapeshifter) (Depths:1)
  2 hell knights (Depths:2)
  2 spriggan druids
  2 unseen horrors
  5 skeletal warriors
  A flayed ghost (Vaults:4)
  3 naga ritualists
  A wizard (D:12)
  Pikel (D:7)
  16 deep trolls
  8 deep elf archers
  8 swamp dragons
  A phantasmal warrior (Vaults:4)
  2 lindwurms
  2 necromancers
  21 deep elf magi
  13 ironbrand convokers
  8 orc sorcerers
  7 orc knights
  3 mana vipers
  3 manticores
  34 ugly things
  An orb spider (shapeshifter) (Vaults:1)
  5 wolf spiders
  6 cyclopes
  9 elephants
  An ice statue (IceCv)
  4 large abominations (D:12)
  A black mamba (shapeshifter) (D:15)
  A guardian serpent (shapeshifter) (D:15)
  9 black mambas
  10 vault sentinels
  2 gargoyles
  5 naga magi
  7 spiny frogs
  An efreet (Depths:2)
  2 kobold demonologists
  14 freezing wraiths
  4 komodo dragons
  32 yaktaurs
  Maggie (D:7)
  7 trolls
  A redback zombie (D:15)
  A troll (shapeshifter) (Vaults:2)
  11 tyrant leeches
  3 nameless horrors
  21 hornets
  4 blink frogs (Swamp:4)
  6 bog bodies
  A meliai zombie (D:12)
  Prince Ribbit (D:9)
  18 slime creatures
  10 hippogriffs
  A shapeshifter (Vaults:4)
  A tarantella (Vaults:3)
  2 redbacks (Vaults:3)
  22 yaks
  A wraith (D:15)
  A vampire (D:15)
  3 shadows
  7 spriggans
  4 humans
  5 wyverns
  A basilisk (Lair:1)
  2 fire elementals (D:13)
  3 hogs
  A steam dragon (D:6)
  7 vampire mosquitoes
  2 hungry ghosts
  4 insubstantial wisps (Swamp:1)
  A naga (shapeshifter) (Vaults:4)
  13 swamp worms
  6 nagas
  Duvessa (D:7)
  An acid dragon (Vaults:2)
  19 water moccasins
  2 hell hounds (D:13)
  A floating eye (shapeshifter) (Depths:2)
  25 orc warriors
  12 porcupines
  8 sky beasts
  3 black bears
  A phantom (D:11)
  2 ettin simulacra
  3 slaves (D:7)
  16 ice beasts
  7 small abominations (D:12)
  10 swamp drakes
  4 wolves (Lair:4)
  2 eyes of draining
  An alligator simulacrum (IceCv)
  6 boggarts
  4 necrophages
  25 ogres
  An eye of draining (shapeshifter) (Vaults:2)
  17 centaurs
  8 crocodiles
  2 big kobolds (D:10)
  Blork the orc (D:6)
  A human zombie (Vaults:3)
  14 bullfrogs
  2 gnoll sergeants
  6 scorpions
  An elephant simulacrum (IceCv)
  3 killer bees (D:8)
  8 wights
  A howler monkey (D:4)
  A human simulacrum (Vaults:2)
  9 crimson imps
  3 bullfrog zombies
  3 centaur zombies
  6 hounds
  5 jellies
  A quasit (D:6)
  3 draconian simulacra (IceCv)
  A bullfrog skeleton (D:11)
  31 orc priests
  4 centaur skeletons
  3 iguanas
  31 orc wizards
  5 spriggan simulacra (IceCv)
  10 worker ants
  4 troll simulacra (IceCv)
  A wolf simulacrum (IceCv)
  4 centaur simulacra
  2 hound skeletons
  A worker ant zombie (D:8)
  11 adders
  7 gnolls
  2 naga simulacra (IceCv)
  3 ogre simulacra (IceCv)
  2 shadow imps
  13 white imps
  An ooze (D:1)
  4 adder skeletons
  2 adder zombies
  2 worms
  12 leopard geckos
  72 orcs
  6 bats
  4 giant cockroaches
  5 goblins
  13 hobgoblins
  4 jackals (D:7)
  11 kobolds
  5 quokkas
  4 ball pythons
  6 frilled lizards
  4 rats
  6 plants
1138 creatures vanquished.

Vanquished Creatures (collateral kills)
  A nagaraja (Snake:2)
  2 fire giants (Vaults:4)
  Louise (Swamp:2)
  An ironheart preserver (Vaults:4)
  A stone giant (Vaults:2)
  A war gargoyle (Depths:2)
  A yaktaur captain (Vaults:3)
  2 vault guards (Vaults:3)
  2 naga warriors (Snake:2)
  An ice dragon (Vaults:4)
  7 hydras
  An anaconda (Snake:2)
  An alligator snapping turtle (shapeshifter) (Depths:1)
  A centaur warrior (Vaults:3)
  A shambling mangrove (Swamp:3)
  A dancing weapon (D:13)
  An alligator (Swamp:1)
  4 two-headed ogres
  An ogre mage (Vaults:4)
  A deep troll earth mage (Vaults:4)
  A deep elf knight (Vaults:4)
  A storm dragon zombie (Vaults:3)
  3 skeletal warriors (D:13)
  4 deep trolls
  2 swamp dragons
  A wolf spider zombie (D:15)
  A mana viper (Snake:2)
  4 ugly things
  A cyclops (Vaults:1)
  6 elephants
  2 black mambas (Snake:2)
  A centaur zombie (D:15)
  2 spiny frogs
  A naga mage (Snake:2)
  A komodo dragon (Lair:2)
  A centaur skeleton (D:15)
  4 yaktaurs
  A yaktaur skeleton (Vaults:3)
  A troll (Orc:1)
  A large abomination (D:12)
  2 hornets (Swamp:3)
  5 bog bodies
  2 tyrant leeches
  3 slime creatures
  A blink frog (Swamp:4)
  3 yaks
  7 vampire mosquitoes
  A death yak simulacrum (IceCv)
  3 hogs
  3 swamp worms
  An insubstantial wisp (Swamp:1)
  A warg (Orc:2)
  A water moccasin (Lair:4)
  8 swamp drakes
  2 porcupines
  An orc warrior (Orc:2)
  2 ice beasts (Lair:4)
  A necrophage (D:7)
  A boggart (Vaults:3)
  A big kobold (D:11)
  Dowan (D:7)
  2 wights
  A bullfrog skeleton (D:11)
  A jelly (D:10)
  4 orc priests
  2 orc wizards (Orc:2)
  An adder (Lair:4)
  An adder skeleton (D:6)
  2 orcs
135 creatures vanquished.

Vanquished Creatures (others)
  A fire dragon (Depths:1)
  A glowing orange brain (Depths:1)
  3 water elementals (Depths:1)
  2 humans (Swamp:1)
  A swamp worm (Swamp:2)
  2 wights (D:7)
  A worker ant (D:7)
  2 orcs
  A fungus (Lair:5)
14 creatures vanquished.

Grand Total: 1287 creatures vanquished

Notes
Turn   | Place    | Note
-------+----------+-------------------------------------------
     0 | D:1      | gruber the Draconian Ice Elementalist began the quest for
                  | the Orb.
     0 | D:1      | Reached XP level 1. HP: 14/14 MP: 3/3
   300 | D:1      | Reached XP level 2. HP: 14/20 MP: 1/5
   484 | D:1      | You fall into a shaft and drop 1 floor!
  1312 | D:1      | Reached skill level 5 in Ice Magic
  1496 | D:2      | Reached XP level 3. HP: 7/26 MP: 1/6
  1501 | D:2      | Learned a level 3 spell: Frozen Ramparts
  2390 | D:3      | Found a shattered altar of Ashenzari.
  3446 | D:3      | Found an ornate altar of the Wu Jian Council.
  3719 | D:3      | Reached XP level 4. HP: 33/33 MP: 2/7
  3971 | D:4      | Found Urau's Book Emporium.
  4107 | D:4      | Reached XP level 5. HP: 38/38 MP: 4/8
  4661 | D:4      | Reached XP level 6. HP: 45/45 MP: 5/10
  5078 | D:5      | Entered Level 5 of the Dungeon
  5243 | D:5      | Reached skill level 1 in Fighting
  5295 | D:5      | Found a staircase to the Ecumenical Temple.
  5368 | D:5      | Your scales start taking on a rich purple colour.
  5368 | D:5      | Reached XP level 7. HP: 47/57 MP: 11/14
  5443 | Temple   | Entered the Ecumenical Temple
  5551 | Temple   | Became a worshipper of Vehumet
  5715 | D:5      | Found a stormy altar of Qazlal.
  5715 | D:5      | Found a blossoming altar of Fedhas.
  5878 | D:5      | Learned a level 4 spell: Hailstorm
  5883 | D:5      | Learned a level 4 spell: Summon Ice Beast
  6091 | D:5      | Reached skill level 5 in Fighting
  6560 | D:6      | Noticed a steam dragon
  6577 | D:6      | Killed a steam dragon
  6916 | D:6      | Found a hide-covered altar of Uskayaw.
  6916 | D:6      | Found a burning altar of Makhleb.
  6918 | D:6      | Found a bloodstained altar of Trog.
  6969 | D:6      | Reached skill level 1 in Conjurations
  6976 | D:6      | Reached XP level 8. HP: 68/68 MP: 8/15
  7194 | D:6      | Noticed a nameless horror
  7202 | D:6      | Reached * piety under Vehumet
  7202 | D:6      | Offered knowledge of Magic Dart by Vehumet.
  7216 | D:6      | Killed a nameless horror
  7399 | D:6      | Noticed Blork the orc
  7404 | D:6      | Killed Blork the orc
  7717 | D:6      | Reached skill level 5 in Conjurations
  7796 | D:7      | Noticed Pikel
  7809 | D:7      | Killed Pikel
  7862 | D:7      | Reached skill level 5 in Spellcasting
  7918 | D:7      | Reached XP level 9. HP: 73/74 MP: 12/17
  8629 | D:7      | Noticed Duvessa
  8632 | D:7      | Noticed Dowan
  8634 | D:7      | Killed Duvessa
  8655 | D:7      | Killed Dowan
  8956 | D:7      | Noticed Maggie
  8962 | D:7      | Killed Maggie
  9297 | D:8      | Found Wowuhesch's Weapon Shoppe.
  9331 | D:8      | Found a snail-covered altar of Cheibriados.
  9363 | D:8      | Noticed Erica
  9367 | D:8      | Reached ** piety under Vehumet
  9367 | D:8      | Offered knowledge of Sandblast by Vehumet.
  9386 | D:8      | Killed Erica
  9386 | D:8      | Reached skill level 5 in Dodging
  9386 | D:8      | Reached XP level 10. HP: 81/81 MP: 5/23
 10169 | D:9      | Noticed a brown ugly thing
 10179 | D:9      | Killed a brown ugly thing
 10433 | D:9      | Offered knowledge of Mephitic Cloud by Vehumet.
 10438 | D:9      | Learned a level 3 spell: Mephitic Cloud
 10489 | D:9      | Reached skill level 1 in Air Magic
 10489 | D:9      | Reached skill level 1 in Poison Magic
 10812 | D:9      | Found an iron altar of Okawaru.
 10815 | D:9      | Noticed Prince Ribbit
 10819 | D:9      | Killed Prince Ribbit
 10880 | D:9      | Found a sacrificial altar of Ru.
 10883 | D:9      | Reached *** piety under Vehumet
 10971 | D:9      | Noticed Harold
 10973 | D:9      | Noticed a nameless horror
 10979 | D:9      | Killed a nameless horror
 10981 | D:9      | Killed Harold
 11234 | D:9      | Found a shadowy altar of Dithmenos.
 11305 | D:9      | Reached XP level 11. HP: 84/94 MP: 24/24
 11648 | D:10     | Entered Level 10 of the Dungeon
 11918 | D:10     | Found a staircase to the Orcish Mines.
 13206 | D:11     | Found a staircase to the Lair.
 13533 | D:11     | Noticed a purple ugly thing
 13542 | D:11     | Killed a purple ugly thing
 13542 | D:11     | Reached skill level 10 in Conjurations
 13544 | D:11     | Offered knowledge of Dazzling Flash by Vehumet.
 14578 | D:12     | Noticed a two-headed ogre
 14848 | D:12     | Killed a two-headed ogre
 14848 | D:12     | Reached skill level 10 in Spellcasting
 15152 | D:12     | Reached XP level 12. HP: 102/102 MP: 18/26
 15594 | D:12     | Reached **** piety under Vehumet
 15599 | D:12     | Offered knowledge of Iskenderun's Battlesphere by Vehumet.
 15730 | D:12     | Found the macabre finger necklace {rN+}
 15746 | D:12     | Got an encrusted morningstar
 16334 | D:12     | Noticed a two-headed ogre
 16344 | D:12     | Killed a two-headed ogre
 16582 | Lair:1   | Entered Level 1 of the Lair of Beasts
 16589 | Lair:1   | Reached skill level 1 in Shields
 16890 | Lair:1   | Noticed a five-headed hydra
 16897 | Lair:1   | Killed a five-headed hydra
 17207 | Lair:1   | Reached skill level 5 in Shields
 18677 | Lair:3   | Noticed an eight-headed hydra
 18697 | Lair:3   | Killed an eight-headed hydra
 18800 | Lair:3   | Reached XP level 13. HP: 94/107 MP: 6/29
 19043 | Lair:3   | You fall into a shaft and drop 2 floors!
 19199 | Lair:5   | Reached ***** piety under Vehumet
 19199 | Lair:5   | Offered knowledge of Freezing Cloud by Vehumet.
 19207 | Lair:5   | Learned a level 6 spell: Freezing Cloud
 19616 | Lair:4   | Reached skill level 5 in Air Magic
 19654 | Lair:4   | Found a frozen archway.
 19661 | Lair:4   | Identified the +2 morningstar of Mandamus {drain, rF+ rC+}
                  | (You found it on level 12 of the Dungeon)
 19752 | IceCv    | Entered an ice cave
 19780 | IceCv    | Learned a level 3 spell: Ignite Poison
 19785 | IceCv    | Learned a level 4 spell: Airstrike
 20063 | IceCv    | Reached skill level 1 in Transmutations
 20063 | IceCv    | Reached skill level 1 in Fire Magic
 21525 | IceCv    | Found an ancient bone altar of Kikubaaqudgha.
 21670 | Lair:4   | Offered knowledge of Spellforged Servitor by Vehumet.
 21714 | Lair:4   | Reached skill level 10 in Ice Magic
 21819 | Lair:4   | Learned a level 7 spell: Spellforged Servitor
 22005 | Lair:4   | Found a staircase to the Swamp.
 22678 | Lair:3   | Found a large runed translucent door.
 22678 | Lair:3   | Found a large runed translucent door.
 22679 | Lair:3   | Noticed Frank's ghost (journeyman DsGl)
 22933 | Lair:4   | Found a staircase to the Snake Pit.
 23705 | Lair:5   | Reached XP level 14. HP: 115/115 MP: 15/30
 24289 | Orc:1    | Entered Level 1 of the Orcish Mines
 24290 | Orc:1    | Noticed Erolcha
 24305 | Orc:1    | Killed Erolcha
 24312 | Orc:1    | Reached skill level 15 in Ice Magic
 24471 | Orc:1    | Noticed a stone giant
 24483 | Orc:1    | Killed a stone giant
 24674 | Orc:1    | Found Iqoegris's Magic Scroll Boutique.
 24750 | Orc:2    | Entered Level 2 of the Orcish Mines
 24752 | Orc:2    | Offered knowledge of Ozocubu's Refrigeration by Vehumet.
 24993 | Orc:1    | Found Ymuy's Antique Armour Shop.
 25103 | Orc:2    | Found a staircase to the Elven Halls.
 25374 | Orc:2    | Paralysed by an orc sorcerer for 6 turns
 25859 | Orc:1    | Noticed Jorgrun
 25862 | Orc:1    | Noticed Urug
 25863 | Orc:1    | Offered knowledge of Orb of Destruction by Vehumet.
 26185 | Orc:2    | Found a runed translucent door.
 26186 | Orc:2    | Noticed ElPutoDani's ghost (journeyman CeWr)
 26208 | Orc:2    | Found Icujemioh's Distillery.
 26208 | Orc:2    | Found Kistrue's Antique Armour Shop.
 26209 | Orc:2    | Found Lirghy's Distillery.
 26212 | Orc:2    | Found Myocs's Food Boutique.
 26391 | Orc:1    | Noticed Gastronok
 26413 | Orc:2    | Killed Jorgrun
 27172 | D:13     | Found a gate to the Vaults.
 28094 | D:13     | Noticed Azrael
 28102 | D:13     | Killed Azrael
 28197 | D:13     | Found Enwoytahe's Distillery.
 28580 | D:14     | Found an ancient bone altar of Kikubaaqudgha.
 28625 | D:14     | Found Qaafov's Assorted Antiques.
 29094 | D:14     | Reached XP level 15. HP: 122/122 MP: 31/31
 29151 | D:14     | Offered knowledge of Fireball by Vehumet.
 29995 | D:15     | Entered Level 15 of the Dungeon
 31643 | D:15     | Found a staircase to the Depths.
 31982 | D:15     | Identified Roxanne's Compendium of Clay
 31982 | D:15     | Noticed Roxanne
 32262 | Swamp:1  | Entered Level 1 of the Swamp
 33123 | Swamp:1  | Noticed Kirke
 33130 | Swamp:1  | Killed Kirke
 33326 | Swamp:1  | Reached skill level 15 in Spellcasting
 33472 | Swamp:1  | Offered knowledge of Conjure Ball Lightning by Vehumet.
 33723 | Swamp:1  | Noticed Aizul
 33805 | Swamp:1  | Killed Aizul
 34105 | D:13     | Bought a potion of curing for 45 gold pieces
 34278 | Orc:2    | Bought a potion of curing for 36 gold pieces
 34278 | Orc:2    | Bought a potion of curing for 36 gold pieces
 34278 | Orc:2    | Bought a potion of curing for 36 gold pieces
 34278 | Orc:2    | Bought a potion of curing for 36 gold pieces
 34908 | Swamp:2  | Noticed Louise
 34927 | Swamp:2  | Killed Louise
 36201 | Swamp:3  | Reached XP level 16. HP: 111/129 MP: 29/35
 37524 | Swamp:4  | Entered Level 4 of the Swamp
 37979 | Swamp:4  | Learned a level 3 spell: Stone Arrow
 38041 | Swamp:4  | Reached ****** piety under Vehumet
 38254 | Swamp:4  | Offered knowledge of Lehudib's Crystal Spear by Vehumet.
 38264 | Swamp:4  | Learned a level 8 spell: Lehudib's Crystal Spear
 38287 | Swamp:4  | Reached skill level 1 in Earth Magic
 38499 | Swamp:4  | Noticed a thorn hunter
 38512 | Swamp:4  | Killed a thorn hunter
 38898 | Swamp:4  | Reached skill level 5 in Earth Magic
 39386 | Swamp:4  | Got a decaying rune of Zot
 39861 | Snake:1  | Entered Level 1 of the Snake Pit
 40569 | Snake:1  | Found a gateway to a bazaar.
 40608 | Bazaar   | Entered a bazaar
 40608 | Bazaar   | Found Etavvoel's Antique Weapon Shop.
 40615 | Bazaar   | Bought a warped war axe for 246 gold pieces
 40615 | Bazaar   | Identified the +2 war axe of Exquisite Torment {pain,
                  | *Drain rPois rC+++ Stlth+} (You bought it in a shop in a
                  | bazaar)
 40635 | Bazaar   | Found Odaleh's General Store.
 40655 | Bazaar   | Found Yhouhiedgh's Antique Armour Shop.
 40663 | Bazaar   | Bought a pair of boots for 99 gold pieces
 42278 | Snake:2  | Reached XP level 17. HP: 130/135 MP: 38/38
 42535 | Snake:2  | Reached skill level 10 in Earth Magic
 42763 | Vaults:1 | Entered Level 1 of the Vaults
 42763 | Vaults:1 | Found Piler's Jewellery Boutique.
 42968 | Vaults:1 | Found a flickering gateway to a bazaar.
 42977 | Vaults:1 | Identified a scroll of acquirement
 42978 | Vaults:1 | Acquired the Volume of Creation and Earth
 42981 | Bazaar   | Entered a bazaar
 42981 | Bazaar   | Found Teaguyq's Antique Weapon Shoppe.
 42984 | Bazaar   | Found Ciox's Antique Weapon Emporium.
 42991 | Bazaar   | Found Faipras's Distillery.
 42992 | Bazaar   | Bought a masterwork long sword for 246 gold pieces
 42999 | Bazaar   | Identified the +7 long sword "Zotz" {elec, +Blink +Rage rN+
                  | Int+4} (You bought it in a shop in a bazaar)
 43000 | Bazaar   | Found Alupar's Gadget Shoppe.
 43035 | Bazaar   | Found Ximous's Distillery.
 43043 | Bazaar   | Bought a potion of haste for 80 gold pieces
 43043 | Bazaar   | Bought a potion of heal wounds for 40 gold pieces
 43043 | Bazaar   | Bought a potion of heal wounds for 40 gold pieces
 43043 | Bazaar   | Bought a potion of curing for 24 gold pieces
 43043 | Bazaar   | Bought a potion of heal wounds for 40 gold pieces
 43043 | Bazaar   | Bought a potion of heal wounds for 40 gold pieces
 43043 | Bazaar   | Bought 2 potions of magic for 128 gold pieces
 43076 | Bazaar   | Bought a potion of curing for 39 gold pieces
 43076 | Bazaar   | Bought a potion of mutation for 104 gold pieces
 43076 | Bazaar   | Bought a potion of curing for 39 gold pieces
 43076 | Bazaar   | Bought a potion of cancellation for 104 gold pieces
 43076 | Bazaar   | Bought a potion of mutation for 104 gold pieces
 43076 | Bazaar   | Bought a potion of curing for 39 gold pieces
 43076 | Bazaar   | Bought a potion of magic for 104 gold pieces
 43076 | Bazaar   | Bought a potion of brilliance for 52 gold pieces
 43179 | Vaults:1 | Found Towkeg's General Store.
 43227 | Vaults:1 | Bought a potion of heal wounds for 65 gold pieces
 43227 | Vaults:1 | Bought a scroll of teleportation for 39 gold pieces
 43227 | Vaults:1 | Bought a scroll of identify for 26 gold pieces
 43227 | Vaults:1 | Bought a scroll of identify for 26 gold pieces
 43503 | Vaults:1 | Offered knowledge of Fire Storm by Vehumet.
 43503 | Vaults:1 | Offered knowledge of Tornado by Vehumet.
 43503 | Vaults:1 | Offered knowledge of Absolute Zero by Vehumet.
 44047 | Vaults:1 | Found a runed translucent gate.
 44047 | Vaults:1 | Found a runed translucent gate.
 44047 | Vaults:1 | Found a runed translucent gate.
 44049 | Vaults:1 | Noticed Ugguttuj's ghost (veteran DrWn)
 46945 | Vaults:2 | Found a staircase to the Crypt.
 46945 | Vaults:2 | Found an ancient bone altar of Kikubaaqudgha.
 46946 | Vaults:2 | Found a basalt altar of Yredelemnul.
 47176 | Vaults:2 | Reached XP level 18. HP: 87/143 MP: 39/39
 47179 | Vaults:2 | Reached skill level 15 in Conjurations
 47891 | Vaults:3 | Learned a level 2 spell: Blink
 47898 | Vaults:3 | Learned a level 5 spell: Borgnjor's Vile Clutch
 48424 | Vaults:3 | You fall into a shaft and drop 1 floor!
 48908 | Vaults:4 | Reached skill level 1 in Necromancy
 49437 | Vaults:4 | Reached skill level 5 in Necromancy
 51213 | Vaults:3 | Reached XP level 19. HP: 100/149 MP: 22/41
 51806 | Depths:1 | Entered Level 1 of the Depths
 51844 | Depths:1 | Found Elenor's Magic Scroll Shop.
 52012 | Depths:1 | Found Ecauh's Weapon Boutique.
 52012 | Depths:1 | Found Ituic's Weapon Shop.
 52016 | Depths:1 | Found Boomadae's Antique Weapon Boutique.
 52040 | Depths:1 | Found a one-way gate to the infinite horrors of the Abyss.
 53000 | Depths:1 | Identified the +8 long sword "Sepsir" {antimagic, +Blink
                  | +Inv Str+7 Dex+3}
 53000 | Depths:1 | Identified the ring "Citageuz" {MP+9 Str+6}
 53250 | Depths:1 | Found a gateway to Hell.
 54120 | Depths:2 | HP: 4/164 [juggernaut simulacrum (31)]
 54730 | Depths:2 | Shot with an arrow by a deep elf master archer

Illustrated notes

Levels and vault maps discovered:
D:1:      lightli_arrival_flooded_house, layout_loops_ring, minmay_octomino_j4
D:2:      layout_loops_ring
D:3:      layout_basic, marbit_many_paths, old_standard_altar, first_ration
D:4:      layout_loops_ring, serial_shops, shop
D:5:      layout_layer_cave, grunt_temple_overflow_forces_of_nature,
          minmay_temple_entry_glass
D:6:      layout_loops_ring, nicolae_overflow_hidden_temple, uniq_blork_the_orc
D:7:      layout_loops_cross, grunt_livestock, minmay_fire_ice_demons,
          uniq_maggie, uniq_duvessa, uniq_pikel
D:8:      layout_cave_pools, old_standard_altar, serial_shops, shop, uniq_erica
D:9:      layout_gridville, nicolae_ru_great_annihilating_truth,
          okawaru_gym_becter, nicolae_overflow_crystal_walls, uniq_harold,
          uniq_prince_ribbit1
D:10:     layout_rooms
D:11:     layout_gridville, lair_entry_dummy, minmay_liquid_box, nooodl_food_tri
D:12:     layout_loops_cross, laboratory
D:13:     layout_gridville, erik_vaults_1, serial_shops, shop, uniq_azrael
D:14:     minmay_elf_outpost, layout_gridville, lemuel_altar_in_water,
          serial_shops, nicolae_shop_overgrown_old_shop
D:15:     grunt_enter_depths_hoard, layout_loops_ring, minivault_23,
          roderic_lattice_a, uniq_roxanne
Temple:   nicolae_temple_figure_zero
Lair:1:   layout_hall_layers, chequers_serial_rivers_small_a, wad_woods_road_05,
          grunt_megastairs_2
Lair:2:   layout_small_grid, chequers_serial_rivers_marsh, patterned_corridor,
          serial_bayou_shore_b
Lair:3:   layout_roguey, gauntlet_entry_generic, ebering_ghost_disaster_area
Lair:4:   layout_gridlike, minmay_swamp_entry_swarm,
          minmay_snake_entry_six_corridors, portal_ice_cave_entry_ice_beasts,
          beast_lair_carwin_3
Lair:5:   layout_gridlike, serial_bayou_pond_b, columned_hall_lemuel,
          grunt_forest_small_clearings, minivault_19, minmay_holes, minivault_11
Swamp:1:  layout_basic_swamp, evilmike_swamp_ruin_wall, swamp_pool2, uniq_kirke,
          uniq_aizul
Swamp:2:  layout_basic_swamp, hangedman_swamp_blocks, uniq_louise
Swamp:3:  layout_falls_marsh, serial_swamp_ruin, evilmike_swamp_ruin_house_2,
          evilmike_swamp_ruin_house_1, infiniplex_staircase_pool_2
Swamp:4:  swamp_basic_johnstein, layout_basic_swamp
Snake:1:  layout_chambers, serial_shops, bzr_entry_customers
Snake:2:  layout_misc_corridors
Orc:1:    layout_caves, serial_shops, shop_fountains, shop,
          nicolae_shop_behind_doors, uniq_gastronok, uniq_erolcha, uniq_urug,
          uniq_jorgrun
Orc:2:    st_orc_mages, layout_caves, ebering_ghost_reflecting_pool
Vaults:1: gammafunk_vaults_ghost_tricky_traps, vaults_room_fancy_cross,
          hangedman_vaults_maws, nicolae_vaults_network_square,
          vaults_room_corners, nicolae_vaults_circle_grid_a, v_pattern_2,
          vaults_room_corners, vaults_dpeg_ring, ontoclasm_vaults_chip,
          nicolae_vaults_asterisk, nicolae_vaults_diagonal_hallway_7,
          ontoclasm_vaults_decontamination, vaults_room_octagon,
          nicolae_vaults_asterisk, hangedman_vaults_stretched_pinwheel,
          layout_vaults_omnibox, serial_shops, bzr_entry_road, shop, shop
Vaults:2: v_misc_10, minmay_crypt_entry_necro_gods, nicolae_vaults_little_ls,
          v_misc_9, v_misc_30, v_misc_9, v_misc_14, hangedman_vaults_restitches,
          nicolae_vaults_asterisk, nicolae_vaults_mini_display_case,
          layout_vaults_chaotic_city
Vaults:3: nicolae_vaults_meeting, nicolae_vaults_little_squares_4,
          vaults_dpeg_hooks, hangedman_vaults_trim, v_misc_23, v_misc_10,
          ontoclasm_vaults_misaligned, layout_vaults_maze_snakey, uniq_margery
Vaults:4: v_misc_14, v_misc_4, v_misc_15, v_rooms_6,
          nicolae_vaults_little_squares_3, vaults_room_grunt_arrival_ludios,
          ontoclasm_vaults_chip, v_rooms_5, nicolae_vaults_little_squares_2,
          st_more_cells, vaults_room_door_ring, nicolae_vaults_yaktaur_gun_rack,
          layout_vaults_big_cross
Depths:1: layout_roguey, hangedman_decor_opposing, abyss_entry, hell_entry,
          minmay_misc_feat_five, drop_trap, lemuel_freeze_loot_1,
          minmay_shoptagon
Depths:2: hangedman_crystal_crosses_colossus [crystal_crosses_arms_four,
          crystal_crosses_arms_four, crystal_crosses_arms_two,
          crystal_crosses_arms_one], hell_entry

Skill      XL: |  1  2  3  4  5  6  7  8  9 10 11 12 13 14 15 16 17 18 19 |
---------------+----------------------------------------------------------+-----
Ice Magic      | 5 6 7 13 19 20 | 20.0
Spellcasting   | 4 5 9 10 12 15 17 18 20 | 20.0
Fighting       | 3 5 8 |  8.3
Summonings     | 2 |  2.2
Conjurations   | 2 7 11 14 15 | 15.0
Dodging        | 5 6 |  6.1
Air Magic      | 3 4 6 |  6.0
Poison Magic   | 3 4 |  4.0
Shields        | 7 |  7.1
Transmutations | 3 |  3.1
Fire Magic     | 3 |  3.2
Earth Magic    | 9 11 13 | 13.0
Necromancy     | 8 |  8.0
Stealth        | |  1.7

Action                   |  1- 3 |  4- 6 |  7- 9 | 10-12 | 13-15 | 16-18 | 19-21 || total
-------------------------+-------+-------+-------+-------+-------+-------+-------++-------
Melee: Unarmed           |    68 |       |       |       |       |       |       ||    68
       Tailslap          |     5 |     6 |    22 |    61 |    44 |    14 |     2 ||   154
       Short sword       |    21 |    27 |       |       |       |       |       ||    48
       Staff             |       |    28 |    30 |       |   131 |       |       ||   189
       Spear             |       |       |   133 |       |       |       |       ||   133
       Scimitar          |       |       |       |   294 |    22 |       |       ||   316
       Trident           |       |       |       |    63 |       |       |       ||    63
       Morningstar       |       |       |       |       |   243 |    36 |       ||   279
       Long sword        |       |       |       |       |       |    84 |    11 ||    95
 Cast: Freeze            |    34 |       |     8 |     7 |       |       |       ||    49
       Frozen Ramparts   |    10 |    22 |    33 |    88 |    96 |    76 |    15 ||   340
       Summon Ice Beast  |       |       |    13 |    42 |   148 |   135 |    24 ||   362
       Hailstorm         |       |       |     6 |    63 |   132 |   115 |    16 ||   332
       Mephitic Cloud    |       |       |       |     1 |    28 |       |       ||    29
       Airstrike         |       |       |       |       |    79 |    23 |       ||   102
       Ignite Poison     |       |       |       |       |    20 |     1 |       ||    21
       Freezing Cloud    |       |       |       |       |   134 |   227 |    37 ||   398
       Stone Arrow       |       |       |       |       |       |   103 |    29 ||   132
       Spellforged Servi |       |       |       |       |       |     4 |       ||     4
       Borgnjor's Vile C |       |       |       |       |       |     5 |    25 ||    30
       Lehudib's Crystal |       |       |       |       |       |     5 |    11 ||    16
       Blink             |       |       |       |       |       |     1 |     3 ||     4
 Abil: Breathe Dispellin |       |       |     1 |     4 |    10 |     1 |     1 ||    17
Evoke: Wand              |       |       |       |       |     9 |     1 |     9 ||    19
  Use: Potion            |       |       |     2 |       |     3 |       |     9 ||    14
       Scroll            |       |       |       |    14 |    15 |    11 |     9 ||    49
 Stab: Sleeping          |     1 |     1 |       |     1 |       |     1 |       ||     4
       Distracted        |       |       |     2 |     2 |     3 |       |       ||     7
       Paralysed         |       |       |       |     1 |       |       |       ||     1
  Eat: Chunk             |     7 |     8 |    16 |    30 |    62 |    62 |    12 ||   197
       Ration            |     1 |       |       |     2 |    10 |     7 |     2 ||    22
Armor: Skin              |    23 |     9 |    23 |    99 |   193 |   104 |    21 ||   472
Dodge: Dodged            |    66 |    51 |   118 |   389 |   457 |   244 |    59 ||  1384
Block: Buckler           |       |       |       |    15 |   158 |   107 |    28 ||   308
       Rpst.: Scimitar   |       |       |       |    84 |     9 |       |       ||    93
       Long sword        |       |       |       |       |       |    25 |     5 ||    30
